 Dungeon Crawl Stone Soup version 0.17.0-24-gcfadda4 (console) character file.

105 gw the Skirmisher (level 4, -1/35 HPs)
             Began as a Demonspawn Fighter on Nov 17, 2015.
             Was an Initiate of Nemelex Xobeh.
             Succumbed to a kobold's poison
             ... on level 3 of the Dungeon.
             The game lasted 00:02:49 (2362 turns).

gw the Skirmisher (Demonspawn Fighter)              Turns: 2362, Time: 00:02:49

Health: -1/35      AC: 11    Str: 16      XL:     4   Next: 53%
Magic:  4/4        EV:  6    Int:  9      God:    Nemelex Xobeh [......]
Gold:   186        SH:  8    Dex: 10 (14) Spells: 0 memorised, 3 levels left

rFire  . . .     SeeInvis .     a - +0 long sword
rCold  . . .     Clarity  .     b - +0 scale mail
rNeg   . . .     SustAt   .     c - +0 shield
rPois  .         Gourm    .     h - +0 helmet
rElec  .         Spirit   .     (no cloak)
rCorr  .         Warding  .     (no gloves)
rMut   .         Stasis   .     p - +2 pair of boots
MR     .....                    (no amulet)
Stlth  ..........               (no ring)
                                (no ring)

@: lethally poisoned (-1 -> -21), not resistant to hostile enchantments,
extremely unstealthy
A: talons 1, powered by death 1
a: Renounce Religion


You were on level 3 of the Dungeon.
You worshipped Nemelex Xobeh.
Nemelex Xobeh was noncommittal.
You were not hungry.

You visited 1 branch of the dungeon, and saw 3 of its levels.

You collected 186 gold pieces.

Inventory:

Hand Weapons
 a - a +0 long sword (weapon)
Missiles
 i - 23 poisoned needles
 l - 42 stones (quivered)
Armour
 b - a +0 scale mail (worn)
 c - a +0 shield (worn)
 h - a +0 helmet (worn)
 p - a +2 pair of boots (worn)
Wands
 m - a wand of polymorph (5)
Scrolls
 g - 2 scrolls of identify
 j - a scroll of remove curse
Potions
 d - a potion of might
Miscellaneous
 q - a plain deck of war
Comestibles
 e - 2 bread rations
 f - 2 meat rations
 k - a chunk of flesh


   Skills:
 + Level 3.4 Fighting
 * Level 2.5 Long Blades
 + Level 1.7 Throwing
 + Level 3.1 Armour
 + Level 3.1 Shields
 * Level 0.0 Evocations


You had 3 spell levels left.
You didn't know any spells.

Dungeon Overview and Level Annotations

Branches:
Dungeon (3/15)

Altars:
Elyvilon
Nemelex Xobeh


Innate Abilities, Weirdness & Mutations

You have sharp toenails.
You regenerate a little health from kills.


Message History

You feel very sick. You block the kobold's attack.
ATTACK MOVE TO (0,-1)
You hit the kobold.
You kill the kobold!
You feel very sick.
You start resting.
You feel sick.
You start resting.
You feel very sick.
You start resting.
You feel very sick.
You start resting.
You feel sick.
You feel sick. x2
You feel less regenerative.
You feel sick.
MOVING TO (-7,-1)
You feel sick.
MOVING TO (-6,-1)
You die...
Your body disappears without a glow.

## #. ######### #.
###.......############.
......................
#.......#########.##.
####.......#.........###
.........).#.........#
#...6.()#.........#
#.......(.........#
##.#####.########.# ...
#.# #.# #.# #.. #.# ...
##(. .# ... ... .. .##.
.#


There were no monsters in sight!

Table legend:
 A = Turns spent in this place as a percentage of turns spent in the entire game.
 B = Non-inter-level travel turns spent in this place as a percentage of non-inter-level travel turns spent in the entire game.
 C = Inter-level travel turns spent in this place as a percentage of turns spent in this place.
 D = Turns resting spent in this place as a percentage of non-inter-level travel turns spent in this place.
 E = Turns spent auto-exploring this place as a percentage of non-inter-level travel turns spent in this place.
 F = Non-inter-level travel turns spent in this place divided by the number of levels of this place that you've seen.
                   A       B       C       D       E      F
               +-------+-------+-------+-------+-------+----------------------
         Total | 100.0 | 100.0 |   0.3 |   1.2 |   3.0 | 1176.7
       Dungeon | 100.0 | 100.0 |   0.3 |   1.2 |   3.0 | 1176.7
               +-------+-------+-------+-------+-------+----------------------

Table legend:
 A = Kills in this place as a percentage of kills in entire the game.
 B = Kills by you in this place as a percentage of kills by you in the entire game.
 C = Kills by friends in this place as a percentage of kills by friends in the entire game.
 D = Other kills in this place as a percentage of other kills in the entire game.
 E = Experience gained in this place as a percentage of experience gained in the entire game.
 F = Experience gained in this place divided by the number of levels of this place that you have seen.
                   A       B       C       D       E      F
               +-------+-------+-------+-------+-------+----------------------
         Total | 100.0 | 100.0 |  -nan |  -nan | 100.0 |  50.0
       Dungeon | 100.0 | 100.0 |  -nan |  -nan | 100.0 |  50.0
               +-------+-------+-------+-------+-------+----------------------

Vanquished Creatures
  Terence (D:2)
  2 adders (D:2)
  An ooze (D:2)
  An adder skeleton (D:3)
  A worm (D:2)
  An orc (D:2)
  A ball python (D:2)
  7 bats
  3 giant cockroaches
  8 hobgoblins
  8 kobolds
  2 quokkas (D:2)
  2 giant geckos
  4 giant newts
  2 goblins
  5 rats
49 creatures vanquished.

Notes
Turn   | Place    | Note
--------------------------------------------------------------
     0 | D:1      | gw the Demonspawn Fighter began the quest for the Orb.
     0 | D:1      | Reached XP level 1. HP: 18/18 MP: 1/1
   237 | D:1      | Gained mutation: You regenerate a little health from kills. [demonic ancestry]
   237 | D:1      | Reached XP level 2. HP: 22/24 MP: 2/2
   705 | D:2      | Reached skill level 1 in Throwing
   935 | D:2      | Noticed Terence
   954 | D:2      | Killed Terence
   954 | D:2      | Reached XP level 3. HP: 13/29 MP: 3/3
  1320 | D:2      | Gained mutation: You have sharp toenails. [demonic ancestry]
  1320 | D:2      | Reached XP level 4. HP: 25/35 MP: 4/4
  1410 | D:2      | Found a white marble altar of Elyvilon.
  1910 | D:2      | Found a sparkling altar of Nemelex Xobeh.
  1914 | D:2      | Became a worshipper of Nemelex Xobeh the Trickster
  1941 | D:2      | Received a gift from Nemelex Xobeh
  2361 | D:3      | HP: 1/35 [poisoned by a kobold]
  2362 | D:3      | Succumbed to a kobold's poison

Action                   |  1- 3 |  4- 6 || total
-------------------------+-------+-------++-------
Melee: Long sword        |   107 |    51 ||   158
Throw: Stone             |    51 |    28 ||    79
  Use: Scroll            |     4 |       ||     4
       Potion            |     1 |     4 ||     5
  Eat: Chunk             |     2 |     3 ||     5

Vault maps used:
D:1:      lemuel_arrival_behind_the_door_small
D:2:      elyvilon_altar_5, nemelex_dance_club_becter, uniq_terence
